 Dungeon Crawl Stone Soup version 0.29.1-15-g9cfb28693d (webtiles) character file.

Game seed: 17585710901179352598

17 hawla the Chiller (level 3, -5/26 HPs)
             Began as a Meteoran Ice Elementalist on Apr 13, 2023.
             Splashed by a jelly's acid (7 damage)
             ... on level 5 of the Dungeon.
             The game lasted 00:01:10 (245 turns).

hawla the Chiller (Meteoran Ice Elementalist)        Turns: 245, Time: 00:01:10

Health: -5/26      AC: -2    Str:  9    XL:     3   Next: 2%
Magic:  8/8        EV: 12    Int: 19    God:
Gold:   51         SH:  0    Dex: 14    Spells: 6/7 levels left

rFire   . . .      SeeInvis .   (no weapon)
rCold   . . .      Faith    .   (no shield)
rNeg    . . .      Spirit   .   a - +0 robe
rPois   .          Reflect  .   (no helmet)
rElec   .          Harm     .   (no cloak)
rCorr   .          Rampage  .   (no gloves)
Will    .....                   (no boots)
Stlth   +.........              (no amulet)
HPRegen 0.08/turn               (no ring)
MPRegen 0.11/turn               (no ring)

@: silenced, corroded, glowing
A: sense surroundings 1, otherworldly, glowing, explore regen
a: no special abilities


You were on level 5 of the Dungeon.
You visited 1 branch of the dungeon, and saw 5 of its levels.

You collected 51 gold pieces.

Inventory:

Armour
 a - a +0 robe (worn)
Scrolls
 d - a scroll of identify {unknown}
Potions
 b - a potion of magic


   Skills:
 + Level 2.4 Dodging
 - Level 1.4 Stealth
 + Level 2.7 Spellcasting
 + Level 5.1 Ice Magic


You had 6 spell levels left.
You knew the following spells:

 Your Spells              Type           Power      Damage    Failure   Level
a - Freeze                Ice            88%        1d10      1%          1

Your spell library contained the following spells:

 Spells                   Type           Power      Damage    Failure   Level
 Frozen Ramparts          Ice            44%        1d7       5%          3
 Ozocubu's Armour         Ice            22%        N/A       5%          3
 Hailstorm                Conj/Ice       12%        3d5       47%         4


Dungeon Overview and Level Annotations

Branches:
Dungeon (5/15) Zot: 2755
 Temple: D:4-7

Altars:

Shops:
D:3 (

Annotations:
D:4 Natasha
D:5 Pikel


Innate Abilities, Weirdness & Mutations

You passively map a small area around you.
You are easily found by Zot.
You glow in the dark.
You regain HP and MP as you explore.


Message History

Found a tourmaline ring, a robe and a mace.
The hobgoblin shouts!
The teleport trap disappears.
The shadow imp disappears!
Natasha casts a spell.
A hobgoblin comes into view.
There is a stone staircase leading down here.
Casting: Freeze (safe; 1% risk of failure)
Confirm with . or Enter, or press ? or * to list all spells.
You don't know that spell.
You climb downwards.
HP restored.
The lemure shouts! x3; You hear a shout! x2
Found 13 gold pieces.
There is a stone staircase leading up here.
This spell is quite dangerous to cast!
Memorise Frozen Ramparts, consuming 3 spell levels and leaving 3?
You start memorising the spell.
You continue memorising. x2
Pikel says, "Hell isn't that bad."
You continue memorising.
The lemure hits you.
Your memorisation is interrupted.
Unknown command.
As you read the scroll labelled JACUEDDAWA, it crumbles to dust.
A profound silence engulfs you.
It was a scroll of silence.
The lemure hits you. The lemure attacks as you move away!
The lemure closely misses you. The lemure attacks as you move away!
The lemure hits you.
Found a scroll labelled YMUFOG VAWEJE.
The lemure attacks as you move away! The lemure hits you.
A jelly comes into view.
The jelly quivers.
You hit the lemure but do no damage. The lemure hits you.
You hit the lemure but do no damage. You hit Pikel but do no damage.
You miss Pikel. Pikel hits you but does no damage. The jelly hits you.
The acid corrodes you!
You are splashed with acid.
* * * LOW HITPOINT WARNING * * *
You hit Pikel but do no damage. The lemure closely misses you.
The jelly hits you.
* * * LOW HITPOINT WARNING * * *
You are splashed with acid!
You die...

, ##### * ....
.#######...# ,
.... ,
...........#
....#
*#.....<..$#
....# ,
#.#####...#
.....# , , *
##.#####.....#
* , ,*
#.....5J.....#
, #...5K@..##
* * #.....5..#
** * *
*#........# ,
,##.####### ,,
* *#.# ,, , ,
#.#, * , .. ,
, . , * * ,


You could see Pikel, 3 lemures and a jelly.

Vanquished Creatures
  A gnoll (D:3)
  A ball python (D:4)
  An endoplasm (D:3)
  A quokka (D:4)
  A bat (D:3)
  A frilled lizard (D:2)
  2 kobolds
  A rat (D:3)
9 creatures vanquished.

Notes
Turn   | Place    | Note
-------+----------+-------------------------------------------
     0 | D:1      | hawla the Meteoran Ice Elementalist began the quest for the
                  | Orb.
     0 | D:1      | Reached XP level 1. HP: 14/14 MP: 5/5
   120 | D:3      | Found Suafecutz's Weapon Shoppe.
   125 | D:3      | Reached XP level 2. HP: 20/20 MP: 4/6
   206 | D:3      | Reached skill level 5 in Ice Magic
   215 | D:4      | Reached XP level 3. HP: 20/26 MP: 6/8
   224 | D:4      | Noticed Natasha
   229 | D:5      | Entered Level 5 of the Dungeon
   229 | D:5      | Noticed a lemure
   229 | D:5      | Noticed a lemure
   229 | D:5      | Noticed a lemure
   230 | D:5      | Noticed Pikel
   245 | D:5      | Splashed by a jelly's acid

Illustrated notes

Levels and vault maps discovered:
D:1:      minmay_arrival_wavy_path, layout_basic, serial_curves, eino_curves_02,
          eino_curves_01, serial_shops, nicolae_shop_behind_doors, shop,
          nicolae_shop_hallway_stairs, nicolae_shop_stone, nicolae_diamond_shop,
          hellmonk_ecumenical_altar_heavens_door
D:2:      kennysheep_the_goblin_king, layout_basic
D:3:      layout_loops_ring, serial_shops, shop_statue
D:4:      layout_basic, moated_statue, chequers_serial_rivers_room_a,
          solitary_fountain, uniq_edmund, uniq_sigmund, uniq_grinder,
          uniq_natasha
D:5:      due_chaos_kobolds, layout_basic, nicolae_elyvilon_temple_path,
          minmay_temple_entry_gardened_gates, uniq_pikel

Skill      XL: |  1  2 |
---------------+-------+-----
Ice Magic      | 5 |  5.1
Dodging        | |  2.4
Stealth        | |  1.4
Spellcasting   | |  2.7

Action                   || total
-------------------------++-------
Melee: Unarmed           ||     5
 Cast: Freeze            ||    11
  Use: Scroll            ||     2
Armor: Robe              ||     1
Dodge: Dodged            ||     7
